 Seeded DCSS version 0.29-a0-356-g7bc237e783 (webtiles) character file.

Game seed: 13387057801375688922 (custom seed)

20 zeratav the Insei (level 2, 18/18 HPs)
             Began as an Octopode Transmuter on Apr 26, 2022.
             Quit the game on level 2 of the Dungeon.
             The game lasted 00:01:05 (1055 turns).

zeratav the Insei (Octopode Transmuter)             Turns: 1055, Time: 00:01:05

Health: 18/18      AC:  1    Str:  9    XL:     2   Next: 79%
Magic:  5/5        EV: 13    Int: 15    God:
Gold:   26         SH:  0    Dex: 12    Spells: 4/5 levels left

rFire   . . .      SeeInvis .     - Unarmed
rCold   . . .      Faith    .   (no shield)
rNeg    . . .      Spirit   .   (helmet restricted)
rPois   .          Reflect  .   (no amulet)
rElec   .          Harm     .   (no ring)
rCorr   .          Rampage  .   (no ring)
Will    .....                   (no ring)
Stlth   ++........              (no ring)
HPRegen 0.06/turn               (no ring)
MPRegen 0.09/turn               (no ring)
                                (no ring)
                                (no ring)

@: no status effects
A: almost no armour, amphibious, 8 rings, camouflage 1, gelatinous body 1,
(nimble swimmer 1), tentacles
a: no special abilities


You were on level 2 of the Dungeon.
You visited 1 branch of the dungeon, and saw 2 of its levels.

You collected 26 gold pieces.


Innate Abilities, Weirdness & Mutations

You cannot wear most types of armour.
You are amphibious.
You can wear up to eight rings at the same time.
Your skin changes colour to match your surroundings (Stealth+).
Your rubbery body absorbs attacks. (AC +1, EV +1)
((You are camouflaged when in or above water. (Stealth+)))
You have tentacles for arms and can constrict up to eight enemies at once.


   Skills:
 - Level 1.0 Fighting
 - Level 2.0 Dodging
 + Level 4.0 Unarmed Combat
 - Level 2.0 Spellcasting
 - Level 2.0 Transmutations


You had 4 spell levels left.
You knew the following spells:

 Your Spells              Type           Power      Damage    Failure   Level
a - Beastly Appendage     Tmut           14%        N/A       10%         1

Your spell library contained the following spells:

 Spells                   Type           Power      Damage    Failure   Level
 Wereblood                Tmut           7%         N/A       14%         2
 Sandblast                Erth           2%         2d4       22%         1
 Passwall                 Tmut/Erth      3%         N/A       22%         2
 Sublimation of Blood     Necr           1%         N/A       32%         2
 Spider Form              Tmut/Pois      4%         N/A       41%         3
 Stone Arrow              Conj/Erth      2%         3d7       54%         3
 Ice Form                 Ice/Tmut       4%         N/A       82%         4
 Summon Hydra             Summ           0%         N/A       100%        7

Inventory:

Scrolls
 b - 2 scrolls of teleportation {unknown}
 d - a scroll of acquirement
 f - a scroll of enchant weapon {unknown}
 h - a scroll of enchant armour {unknown}
Potions
 a - a potion of lignification {!q}
 c - 2 potions of curing {unknown}
 e - a potion of heal wounds {unknown}
 g - a potion of attraction {unknown}

Dungeon Overview and Level Annotations

Branches:
Dungeon (2/15)

Altars:

## .. #### .###
... .#.###. .
.. .......
...###. ...>r#.
.......#.......
#..@....#
.........#.##
.#.###.### ..
###


You could see a quokka.


Message History

You take 4 damage, and now have 14/18 hp.
MASSIVE DAMAGE!! (PAUSE)
You closely miss the kobold. Your grab misses the kobold.
The kobold closely misses you.
You tentacle-slap the kobold.
You kill the kobold!
No target in view!
No target in view!
No target in view!
No target in view!
No target in view!
No target in view!
No target in view!
No target in view!
No target in view!
No target in view!
No target in view!
No target in view!
No target in view!
No target in view!
Things that are here:
a +0 club {mace}; a kobold corpse; HP[+4]
Your hp is fully restored (18).
A ball python comes into view.
A ball python is nearby!
The ball python hisses angrily.
The ball python closely misses you. The ball python misses you.
You tentacle-slap the ball python.
You kill the ball python!
No target in view!
No target in view!
No target in view!
No target in view!
No target in view!
No target in view!
No target in view!
No target in view!
No target in view!
No target in view!
No target in view!
No target in view!
No target in view!
No target in view!
No target in view!
You see here a ball python corpse.
Found a stone staircase leading down.
An endoplasm comes into view.
An endoplasm is nearby!
An endoplasm is nearby!
An endoplasm comes into view.
The helpless endoplasm fails to defend itself.
You tentacle-slap the endoplasm.
You kill the endoplasm!
The helpless endoplasm fails to defend itself.
You tentacle-slap the endoplasm. The endoplasm hits you.
HP[-2]
You take 2 damage, and now have 16/18 hp.
You tentacle-slap the endoplasm. The endoplasm freezes you.
You are frozen.
HP[-3]
You take 3 damage, and now have 13/18 hp.
You are too injured to fight recklessly!
You are too injured to fight recklessly!
You are too injured to fight recklessly!
You are too injured to fight recklessly!
You are too injured to fight recklessly!
You are too injured to fight recklessly!
You are too injured to fight recklessly!
You are too injured to fight recklessly!
You are too injured to fight recklessly!
You are too injured to fight recklessly!
You are too injured to fight recklessly!
You are too injured to fight recklessly!
You are too injured to fight recklessly!
You are too injured to fight recklessly!
An endoplasm is nearby!
An endoplasm is nearby!
You are too injured to fight recklessly!
You tentacle-slap the endoplasm.
You kill the endoplasm!
Your Unarmed Combat skill increases to level 4!
HP[+1]
You now have 26 gold pieces (gained 9).
h - a scroll labelled OFE NAHAERUI HP[+4]
Your hp is fully restored (18).
You see here a +0 barding of stealth.
Done exploring.
Done exploring.
Done exploring.
(D) Dungeon
Where to? (? - help)
There is a stone staircase leading down here.
You climb downwards.
Found a stone staircase leading down.
There is a stone staircase leading up here.
A quokka is nearby!
This is a scroll of acquirement!
Are you sure you want to abandon this character and quit the game? (Confirm with "yes".)

Skill      XL: |  1  2 |
---------------+-------+-----
Unarmed Combat | 4 |  4.0
Fighting       | |  1.0
Dodging        | |  2.0
Spellcasting   | |  2.0
Transmutations | |  2.0

Action                   || total
-------------------------++-------
Melee: Unarmed           ||    44
       Constrict         ||     8
       Punch             ||     1
       Tentacles         ||     1
 Stab: Sleeping          ||     4
Dodge: Dodged            ||    20

Levels and vault maps discovered:
D:1:      saegor_arrival_fortress, layout_rooms,
          shapermc_ecumenical_altar_acropolis, hangedman_decor_riveting
D:2:      layout_loops_corners, serial_rivers, chequers_serial_rivers_micro_a,
          chequers_serial_rivers_room_b, chequers_serial_rivers_large_b,
          chequers_serial_rivers_micro_b, minmay_randomly_rotated_circles,
          uniq_crazy_yiuf_cottage, uniq_terence, uniq_jessica

Notes
Turn   | Place    | Note
-------+----------+-------------------------------------------
     0 | D:1      | zeratav the Octopode Transmuter began the quest for the
                  | Orb.
     0 | D:1      | Reached XP level 1. HP: 13/13 MP: 3/3
     0 | D:1      | magus.rc [v1.9.6]
   150 | D:1      | Reached XP level 2. HP: 8/18 MP: 5/5
   339 | D:1      | You pick up a book of Geomancy and begin reading...
   339 | D:1      | You add the spells Sandblast, Passwall and Stone Arrow to
                  | your library.
   600 | D:1      | Found a faded altar of an unknown god.
   761 | D:1      | You pick up a book of Blood and begin reading...
   761 | D:1      | You add the spells Sublimation of Blood and Summon Hydra to
                  | your library.
   898 | D:1      | Reached skill level 4 in Unarmed Combat
  1055 | D:2      | Identified a scroll of acquirement
  1055 | D:2      | Quit the game

Vanquished Creatures
  2 ball pythons (D:1)
  4 endoplasms (D:1)
  A giant cockroach (D:1)
  3 goblins (D:1)
  A hobgoblin (D:1)
  4 frilled lizards (D:1)
  2 kobolds (D:1)
  3 rats (D:1)
20 creatures vanquished.

Vanquished Creatures (others)
  A fungus (D:1)
1 creature vanquished.

Grand Total: 21 creatures vanquished

Table legend:
 A = Non-vault XP
 B = Vault XP
 C = Vault XP percentage of total XP
 D = Non-vault monster count
 E = Vault monster count
 F = Vault count percentage of total count
                 A         B        C        D         E       F
            +---------+---------+-------+---------+---------+-------
      Total |      29 |       0 |   0.0 |      20 |       0 |   0.0
            +---------+---------+-------+---------+---------+-------
        D:1 |      29 |       0 |   0.0 |      20 |       0 |   0.0
            +---------+---------+-------+---------+---------+-------

Illustrated notes

Table legend:
 A = Kills in this place as a percentage of kills in entire the game.
 B = Kills by you in this place as a percentage of kills by you in the entire game.
 C = Kills by friends in this place as a percentage of kills by friends in the entire game.
 D = Other kills in this place as a percentage of other kills in the entire game.
 E = Experience gained in this place as a percentage of experience gained in the entire game.
 F = Experience gained in this place divided by the number of levels of this place that you have seen.
                   A       B       C       D       E      F
               +-------+-------+-------+-------+-------+----------------------
         Total | 100.0 | 100.0 |   N/A |   N/A | 100.0 |  14.5
       Dungeon | 100.0 | 100.0 |   N/A |   N/A | 100.0 |  14.5
               +-------+-------+-------+-------+-------+----------------------

Table legend: (Time is in decaauts)
 A = Elapsed time spent in this place.
 B = Non-inter-level travel time spent in this place.
 C = Inter-level travel time spent in this place.
 D = Time resting spent in this place.
 E = Time spent auto-exploring this place.
 F = Levels seen in this place.
 G = Mean time per level.
                   A        B        C        D        E       F      G
               +--------+--------+--------+--------+--------+-----+--------+
         Total |   1052 |   1040 |     12 |    298 |    630 |   2 |  526.0 |
       Dungeon |   1052 |   1040 |     12 |    298 |    630 |   2 |  526.0 |
               +--------+--------+--------+--------+--------+-----+--------+

Top non-repeatable levels by time:
     D:1: 1051 daAuts
     D:2: 0 daAuts
